 Dungeon Crawl Stone Soup version 0.30-a0-756-gc2185399d4 (webtiles) character file.

Game seed: 9905272327826522314

10435 Angani the Fighter (level 11, -1/99 HPs)
             Began as a Black Draconian Hedge Wizard on Feb 10, 2023.
             Was a High Priest of Lugonu.
             Slain by a wight
             ... wielding a +0 short sword
              (8 damage)
             ... on level 9 of the Dungeon.
             The game lasted 00:25:51 (11975 turns).

Angani the Fighter (Black Draconian Hedge Wizard)  Turns: 11975, Time: 00:25:52

Health: -1/99      AC:  8    Str: 12    XL:     11   Next: 36%
Magic:  23/23      EV: 21    Int: 19    God:    Lugonu [*****.]
Gold:   549        SH:  0    Dex: 11    Spells: 23/26 levels left

rFire   . . .      SeeInvis .    s - +11 Singing Sword {sonic wave}
rCold   . . .      Faith    +    (no shield)
rNeg    . . .      Spirit   .    (body armour unavailable)
rPois   .          Reflect  .    b - +0 hat
rElec   +          Harm     .    E - +1 cloak of Starlight {*Dazzle EV+4 Stlth--}
rCorr   .          Rampage  .    v - +2 pair of gloves
Will    .....                    (no boots) Stlth
                                 H - amulet of faith
HPRegen 0.36/turn                r - +5 ring of evasion
MPRegen 0.18/turn                t - +4 ring of protection

@: corroded, hasted, very quick
A: breathe lightning, AC +7, unfitting armour, electricity resistance,
cold-blooded
a: Breathe Lightning, Renounce Religion, Depart the Abyss, Banish, Corrupt,
Enter the Abyss


You were on level 9 of the Dungeon.
You worshipped Lugonu.
Lugonu was extremely pleased with you.
You visited 1 branch of the dungeon, and saw 9 of its levels.
You also visited: Bailey.

You collected 549 gold pieces.

Inventory:

Hand Weapons
 s - the +11 Singing Sword (weapon) {sonic wave}
   (You found it on level 7 of the Dungeon)
Missiles
 C - a throwing net
Armour
 b - a +0 hat (worn)
 k - a +1 cloak of preservation
 v - a +2 pair of gloves (worn)
 E - the +1 cloak of Starlight (worn) {*Dazzle EV+4 Stlth--}
   (You found it in a bailey)

   *Dazzle:   It may blind those who miss an attack against the wearer in melee
   combat.
   EV:        It affects your evasion (+4).
   Stlth:     It makes you much less stealthy.
 F - an orb of guile
Magical Staves
 f - a staff of poison
Jewellery
 r - a +5 ring of evasion (left hand)
 t - a +4 ring of protection (right hand)
 H - an amulet of faith (around neck)
Wands
 G - a wand of polymorph (6)
 I - a wand of mindburst (8)
Scrolls
 a - 3 scrolls of fog
 e - 2 scrolls of enchant weapon
 h - 3 scrolls of silence
 j - 7 scrolls of teleportation
 n - a scroll of noise
 q - a scroll of butterflies
 u - 4 scrolls of immolation
 y - a scroll of fear {unknown}
 A - 3 scrolls of vulnerability {unknown}
Potions
 c - a potion of magic
 d - 3 potions of mutation {unknown}
 g - 2 potions of ambrosia
 i - 2 potions of brilliance
 l - 3 potions of curing
 m - 4 potions of lignification {unknown}
 o - a potion of attraction {unknown}
 p - 12 potions of degeneration
 w - a potion of berserk rage {unknown}
 x - a potion of resistance
 z - 3 potions of might {unknown}
 D - a potion of invisibility {unknown}


   Skills:
 - Level 10.0 Fighting
 + Level 9.2 Long Blades
 - Level 1.7 Dodging
 - Level 1.7 Stealth
 - Level 8.1 Spellcasting
 - Level 6.5 Conjurations
 - Level 5.0 Summonings
 - Level 1.0 Translocations
 - Level 5.2 Invocations


You had 23 spell levels left.
You knew the following spells:

 Your Spells              Type           Power      Damage    Failure   Level
a - Magic Dart            Conj           100%       1d8       1%          1
b - Call Imp              Summ           26%        N/A       1%          2

Your spell library contained the following spells:

 Spells                   Type           Power      Damage    Failure   Level
 Kiss of Death            Conj/Necr      80%        2d11      2%          1
 Momentum Strike          Conj/Tloc      44%        3d9       3%          2
 Beastly Appendage        Tmut           14%        N/A       9%          1
 Slow                     Hex            28%        N/A       9%          1
 Blink                    Tloc           22%        N/A       9%          2
 Mephitic Cloud           Conj/Pois/Air  16%        N/A       11%         3
 Cigotuvi's Dreadful Rot  Necr/Pois/Air  14%        N/A       14%         2
 Ensorcelled Hibernation  Hex/Ice        14%        N/A       14%         2
 Wereblood                Tmut           7%         N/A       14%         2
 Iskenderun's Battlesphe  Conj           32%        2d8       17%         5
 Confusing Touch          Hex            7%         N/A       26%         3
 Spider Form              Tmut/Pois      7%         N/A       26%         3
 Vampiric Draining        Necr           7%         2d6       26%         3
 Summon Lightning Spire   Summ/Air       17%        N/A       32%         4
 Anguish                  Hex/Necr       3%         N/A       65%         4
 Orb of Destruction       Conj           16%        9d7       99%         7
 Chain Lightning          Conj/Air       10%        3d13      100%        9
 Fire Storm               Conj/Fire      10%        8d3       100%        9
 Shatter                  Erth           3%         3d7*      100%        9


Dungeon Overview and Level Annotations

Branches:
Dungeon (9/15)             Temple (0/1) D:7          Bailey (visited)
   Lair: D:8-11         Orc: D:9-12

Altars:
Ashenzari
Okawaru
Trog
The Shining One
Lugonu

Annotations:
D:5 3 runed translucent doors, jazmu's ghost, novice FoHs


Innate Abilities, Weirdness & Mutations

You can breathe wild blasts of lightning.
Your glossy black scales are hard. (AC +7)
You cannot fit into any form of body armour.
You are resistant to electric shocks. (rElec)
You are cold-blooded and may be slowed by cold attacks.


Message History

You slash the acid dragon!
Your tail-slap misses the acid dragon.
The acid dragon is heavily wounded.
You are no longer corroded.
The acid dragon bites you but does no damage.
The acid dragon claws you but does no damage.
You slash the acid dragon! You tail-slap the acid dragon.
The acid dragon is almost dead.
The acid dragon spits acid at you. The splash of acid hits you!!
The acid corrodes you!
You barely miss the acid dragon.
The acid dragon is almost dead.
The acid dragon misses you.
The acid dragon's vision is obscured by starry radiance!
The acid dragon barely misses you.
You closely miss the acid dragon.
Your tail-slap misses the acid dragon.
The acid dragon is almost dead.
The acid dragon spits acid at you. The splash of acid hits you!!
* * * LOW HITPOINT WARNING * * *
The acid corrodes you!
You hit the acid dragon.
You kill the acid dragon!
Lugonu accepts your kill.
Training target 10.0 for Fighting reached!
Your Fighting skill increases to level 10!
You hit the wight.
The wight is moderately damaged.
The wight closely misses you.
You closely miss the wight.
The wight is moderately damaged.
The wight misses you.
You barely miss the wight.
You tail-slap the wight, but do no damage.
The wight is moderately damaged.
The wight hits you with a +0 short sword!
* * * LOW HITPOINT WARNING * * *
Okay, then.
You feel yourself speed up.
The wight hits you with a +0 short sword!
You die...

...~≈~~.....# #.#
...~.~~...#.# #.#
#...≈.≈†....## #.#
#..~~~†......####.####
#.~~~~~...........<..#
...~.~~~.....#####.#.#
###.~~~......##......#
#≈~≈≈≈.....Y##.##.###
#≈≈≈≈~~.....Yz@....#
≈≈≈≈≈~~~.....##.####
≈≈≈~~.########.# ###.#
#.# #. #.# #.# ..# ###


You could see 2 yaks and a wight.

Vanquished Creatures
  A catoblepas (D:8)
  An orc high priest (Bailey)
  A deep elf pyromancer (D:8)
  A cyclops (D:8)
  A hornet (D:8)
  Sigmund (D:2)
  2 wyverns (D:8)
  8 yaks
  2 steam dragons (D:8)
  An acid dragon (D:9)
  3 sky beasts
  2 water moccasins
  11 orc warriors
  2 ice beasts (D:8)
  2 black bears
  3 centaurs
  An ogre (D:4)
  3 kobold brigands
  A gnoll sergeant (D:6)
  6 bullfrogs
  7 scorpions
  13 wights
  A killer bee (D:8)
  5 electric eels (Bailey)
  4 howler monkeys
  A gnoll bouda (D:6)
  5 hounds
  A jelly (D:7)
  3 orc priests
  7 orc wizards
  Natasha (D:2)
  7 adders
  25 gnolls
  2 shadow imps
  3 white imps
  An ufetubus (D:5)
  A worm (D:5)
  A dart slug (D:4)
  40 orcs
  12 bats
  7 endoplasms
  5 giant cockroaches
  17 hobgoblins
  7 jackals (D:4)
  19 kobolds
  3 quokkas (D:1)
  2 ball pythons
  7 frilled lizards (D:3)
  15 goblins
  3 rats
278 creatures vanquished.

Vanquished Creatures (collateral kills)
  A black bear (D:5)
  2 scorpions
  An orc priest (D:4)
  Natasha (twice) (D:2)
  An iguana (D:7)
  3 orc wizards
  An adder (D:7)
  6 gnolls (D:4)
  7 orcs (D:4)
  3 jackals (D:4)
  2 bats (D:7)
29 creatures vanquished.

Vanquished Creatures (others)
  A goblin (Bailey)
  17 fungi (D:7)
  5 plants (D:3)
23 creatures vanquished.

Grand Total: 330 creatures vanquished

Notes
Turn   | Place    | Note
-------+----------+-------------------------------------------
     0 | D:1      | Angani the Draconian Hedge Wizard began the quest for the
                  | Orb.
     0 | D:1      | Reached XP level 1. HP: 14/14 MP: 4/4
   238 | D:1      | Reached XP level 2. HP: 20/20 MP: 1/6
  1132 | D:1      | Learned a level 2 spell: Call Imp
  1286 | D:2      | Reached XP level 3. HP: 26/26 MP: 4/8
  1400 | D:2      | Found a faded altar of an unknown god.
  1403 | D:2      | Prayed at the altar of an unknown god.
  1403 | D:2      | Became a worshipper of Lugonu the Unformed
  1403 | D:2      | Reached * piety under Lugonu
  1838 | D:2      | Noticed Natasha
  1845 | D:2      | Killed Natasha
  1846 | D:2      | Reached skill level 1 in Invocations
  2042 | D:2      | Reached XP level 4. HP: 33/33 MP: 4/9
  2211 | D:2      | Noticed Sigmund
  2729 | D:3      | Found an iron altar of Okawaru.
  3228 | D:3      | Reached ** piety under Lugonu
  3280 | D:3      | Reached XP level 5. HP: 23/38 MP: 0/11
  3585 | D:2      | Noticed Natasha
  3594 | D:2      | Killed Natasha
  3722 | D:2      | Noticed Natasha
  3731 | D:2      | Killed Natasha
  4060 | D:2      | Killed Sigmund
  4061 | D:2      | Reached XP level 6. HP: 37/45 MP: 4/13
  4190 | D:4      | Found a broken altar of Ashenzari.
  4565 | D:4      | Found a glowing golden altar of the Shining One.
  4844 | D:4      | Reached skill level 5 in Spellcasting
  4879 | D:4      | Your scales start taking on a glossy black colour.
  4879 | D:4      | Reached XP level 7. HP: 42/50 MP: 1/14
  4879 | D:4      | Gained mutation: You are resistant to electric shocks.
                  | (rElec) [Black Draconian growth]
  5557 | D:4      | Reached *** piety under Lugonu
  6189 | D:4      | Reached skill level 5 in Invocations
  6393 | D:4      | Reached skill level 5 in Summonings
  6702 | D:5      | Entered Level 5 of the Dungeon
  6702 | D:5      | You fall into a shaft and drop 2 floors!
  6702 | D:7      | Found a staircase to the Ecumenical Temple.
  6747 | D:7      | Reached XP level 8. HP: 52/57 MP: 5/16
  7185 | D:7      | Reached **** piety under Lugonu
  7267 | D:7      | Found the +11 Singing Sword {sonic wave}
  7693 | D:5      | Reached skill level 5 in Conjurations
  7694 | D:5      | Reached XP level 9. HP: 62/62 MP: 16/20
  7983 | D:5      | Reached skill level 1 in Fighting
  8068 | D:5      | Reached skill level 1 in Long Blades
  8181 | D:5      | Noticed jazmu's ghost (novice FoHs)
  8188 | D:5      | Found a runed translucent gate.
  8188 | D:5      | Found a runed translucent gate.
  8188 | D:5      | Found a runed translucent gate.
  8191 | D:5      | Reached skill level 2 in Fighting
  8761 | D:6      | Reached skill level 3 in Fighting
  8951 | D:6      | Reached skill level 4 in Fighting
  8977 | D:6      | Found a bloodstained altar of Trog.
  9283 | D:6      | Reached skill level 5 in Fighting
  9288 | D:6      | Reached XP level 10. HP: 81/81 MP: 22/22
  9699 | D:7      | Reached skill level 5 in Long Blades
 10020 | D:8      | Found a flagged portal.
 10050 | Bailey   | Entered a bailey
 10069 | Bailey   | Reached skill level 6 in Fighting
 10111 | Bailey   | Reached ***** piety under Lugonu
 10198 | Bailey   | Noticed an orc sorcerer
 10200 | Bailey   | Banished an orc sorcerer
 10201 | Bailey   | Reached skill level 7 in Fighting
 10559 | Bailey   | Acquired a +1 cloak of preservation
 10597 | Bailey   | Found the +1 cloak of Starlight {*Dazzle EV+4 Stlth--}
 10613 | Bailey   | Found an iron altar of Okawaru.
 10615 | Bailey   | Noticed an orc high priest
 10626 | Bailey   | Killed an orc high priest
 10627 | Bailey   | Reached skill level 8 in Fighting
 10678 | Bailey   | Acquired the Almanac of Stormy Bruises
 11074 | D:8      | Reached XP level 11. HP: 78/95 MP: 23/23
 11139 | D:8      | Noticed a catoblepas
 11151 | D:8      | Killed a catoblepas
 11152 | D:8      | Reached skill level 9 in Fighting
 11345 | D:8      | Identified the +9 whip of Buguag {heavy, +Blink rN+ MP-9
                  | Dex+2}
 11345 | D:8      | Noticed a deep elf pyromancer
 11351 | D:8      | Killed a deep elf pyromancer
 11972 | D:9      | Reached skill level 10 in Fighting
 11975 | D:9      | Slain by a wight

Illustrated notes

Levels and vault maps discovered:
D:1:      evilmike_arrival_crescent, layout_basic
D:2:      layout_basic, hellmonk_ecumenical_altar_inner_sanctum,
          chequers_serial_rivers_large_b, uniq_natasha, uniq_sigmund
D:3:      layout_basic, okawaru_ov_weapons_minmay, minmay_lizard_king
D:4:      lemuel_castle_with_subvaults [lemuel_castle_interior_original],
          layout_loops_corners, cheibrodos_ashenzari_chains,
          nicolae_tso_swordbearing_angel
D:5:      layout_basic, gammafunk_ghost_split, minmay_quadrilaterals
D:6:      layout_basic, lemuel_doored_altar
D:7:      old_forge, layout_loops_ring, minmay_temple_entry_sparse_star
D:8:      nzn_winding_woodlands_three_and_one
          [nzn_winding_woodlands_5x15_parted,
          nzn_winding_woodlands_5x15_sidewinder,
          nzn_winding_woodlands_5x15_pool,
          nzn_winding_woodlands_center_triple_pond], layout_basic,
          enter_bailey_7
D:9:      layout_loops_cross, mainiacjoe_overflow_tiny_flanked,
          marbit_many_paths, nicolae_gozag_seed_capital,
          chequers_serial_rivers_large_a

Skill      XL: |  1  2  3  4  5  6  7  8  9 10 11 |
---------------+----------------------------------+-----
Conjurations   | 2 6 |  6.5
Invocations    | 1 2 3 4 5 |  5.2
Summonings     | 2 3 5 |  5.0
Spellcasting   | 4 5 7 8 |  8.1
Fighting       | 5 8 10 | 10.0
Long Blades    | 4 8 9 |  9.2
Dodging        | |  1.7
Stealth        | |  1.7
Translocations | |  1.0

Action                     |  1- 3 |  4- 6 |  7- 9 | 10-12 || total
---------------------------+-------+-------+-------+-------++-------
  Melee: Dagger            |    16 |       |       |       ||    16
         Staff             |    19 |    16 |    73 |       ||   108
         Tailslap          |     5 |       |    14 |    26 ||    45
         Punch             |       |     1 |     1 |     1 ||     3
         Double sword      |       |       |   107 |   187 ||   294
   Cast: Magic Dart        |    90 |   123 |   194 |    26 ||   433
         Call Imp          |     1 |    15 |    25 |       ||    41
 Invoke: Banish            |       |       |     2 |     2 ||     4
Ability: Breathe Lightning |       |       |    10 |       ||    10
  Evoke: Wand              |       |    10 |     2 |     5 ||    17
    Use: Scroll            |       |     5 |     4 |     8 ||    17
         Potion            |       |     1 |     6 |     1 ||     8
   Stab: Invisible         |       |       |       |     1 ||     1
 Armour: Skin              |    17 |    23 |   134 |    40 ||   214
  Dodge: Dodged            |    29 |    60 |   297 |   146 ||   532

Table legend: (Time is in decaauts)
 A = Elapsed time spent in this place.
 B = Non-inter-level travel time spent in this place.
 C = Inter-level travel time spent in this place.
 D = Time resting spent in this place.
 E = Time spent auto-exploring this place.
 F = Levels seen in this place.
 G = Mean time per level.
                   A        B        C        D        E       F      G
               +--------+--------+--------+--------+--------+-----+--------+
         Total |  12108 |  11816 |    292 |   3063 |   6133 |  10 | 1210.8 |
       Dungeon |  11444 |  11152 |    292 |   2852 |   6133 |   9 | 1271.6 |
        Bailey |    663 |    663 |      0 |    211 |      0 |   1 |  663.0 |
               +--------+--------+--------+--------+--------+-----+--------+

Top non-repeatable levels by time:
     D:4: 2538 daAuts
     D:2: 1664 daAuts
     D:7: 1462 daAuts
     D:3: 1342 daAuts
     D:8: 1261 daAuts
     D:1: 1207 daAuts
     D:6: 987 daAuts
     D:5: 916 daAuts
  Bailey: 663 daAuts
     D:9: 65 daAuts
